Map: Arctic Dream LE

Players

turrican

  • Race: Protoss Protoss
  • Spawn Location: 12:00

ZiTsCh

  • Race: Zerg Zerg
  • Spawn Location: 11:00

Massa - Winner!

  • Race: Terran Terran
  • League: Platinum
  • Spawn Location: 5:00

qqq - Winner!

  • Race: Zerg Zerg
  • Spawn Location: 6:00

VOD

Have the link to the VOD?

Description

Time

  • Played on: Feb. 6, 2021, 7:11 a.m.
  • Length: 7:24
Show
View Real Time Build Order
Export as new Build Order

turrican Protoss 

Build Orders: Proxy Void Ray 

Get SALT Encoding   

  12  0:03  Probe  
  13  0:14  Pylon  
  13  0:17  Probe  
  14  0:29  Probe  
  14  0:34  Gateway  
  15  0:41  Probe (Chrono Boost)  
  16  0:53  Probe (Chrono Boost)  
  16  0:55  Forge  
  17  0:59  Probe (Chrono Boost)  
  18  1:06  Assimilator  
  18  1:08  Probe (Chrono Boost)  
  20  1:19  Probe (Chrono Boost)  
  20  1:22  Cybernetics Core  
  20  1:27  Probe  
  21  1:41  Probe  
  21  1:45  Assimilator  
  22  1:53  Probe  
  23  1:56  Pylon  
  23  2:08  Photon Cannon  
  23  2:14  Probe, Photon Cannon  
  24  2:25  Stargate  
  24  2:28  Shield Battery  
  24  2:44  Photon Cannon  
  24  2:50  Shield Battery  
  24  2:56  Pylon  
  24  2:59  Void Ray (Chrono Boost)  
  28  3:18  Photon Cannon  
  28  3:21  Shield Battery  
  28  3:26  Photon Cannon  
  28  3:27  Void Ray (Chrono Boost)  
  32  3:57  Void Ray  
  36  4:20  Pylon  
  36  4:38  Void Ray (Chrono Boost)  
  18  5:44  Pylon x2  
  18  5:58  Void Ray  
  22  6:14  Nexus  
Show
View Real Time Build Order
Export as new Build Order

ZiTsCh Zerg 

Build Orders: Hatch First 

Get SALT Encoding   

  12  0:02  Drone  
  13  0:08  Drone  
  14  0:19  Overlord  
  14  0:38  Drone x3  
  17  0:49  Drone  
  18  1:00  Drone  
  18  1:03  Hatchery  
  18  1:10  Drone  
  19  1:19  Spawning Pool  
  18  1:29  Drone  
  19  1:33  Extractor  
  19  1:34  Drone  
  19  1:49  Drone  
  20  2:16  Zergling x4  
  20  2:17  Zergling x4  
  24  2:28  Zergling x4  
  26  2:33  Queen  
  28  2:44  Overlord  
  28  2:45  Overlord  
  28  2:52  Metabolic Boost  
  28  2:56  Overlord x2  
  28  3:05  Drone x2  
  30  3:11  Hatchery  
  23  3:37  Roach Warren  
  23  3:38  Drone  
  23  3:39  Drone x5  
  28  4:03  Drone  
  28  4:04  Drone x3  
  32  4:12  Extractor  
  33  4:17  Roach x4  
  33  4:22  Spine Crawler  
  38  4:25  Spine Crawler  
  38  4:26  Roach x3  
  43  4:33  Roach  
  45  4:38  Zergling x2  
  45  4:39  Roach x2  
  50  4:50  Roach x2  
  50  4:51  Roach x2  
  57  5:11  Roach x2  
  47  5:27  Roach x2  
Show
View Real Time Build Order
Export as new Build Order

Massa Terran - Winner!

Build Orders:  

Get SALT Encoding   

  12  0:00  SCV  
  13  0:12  SCV  
  14  0:17  Supply Depot  
  14  0:24  SCV  
  15  0:38  SCV  
  15  0:39  Barracks  
  16  0:50  SCV  
  16  0:54  Supply Depot  
  17  0:57  Refinery  
  17  1:03  SCV  
  18  1:10  Barracks  
  18  1:23  Barracks  
  18  1:26  SCV  
  19  1:36  Barracks Tech Lab  
  19  1:42  Orbital Command  
  19  1:56  Marine  
  20  2:04  Marine  
  20  2:08  Supply Depot  
  21  2:09  SCV  
  21  2:11  Marine  
  21  2:14  Marine  
  24  2:18  Stimpack  
  24  2:22  Marine  
  25  2:29  Marine  
  25  2:33  Marauder  
  28  2:40  Marine  
  28  2:47  Marine  
  29  2:54  Marauder  
  29  2:57  Marine  
  32  2:58  Supply Depot  
  32  3:05  Marine  
  33  3:15  Marauder, Marine  
  36  3:23  Marine  
  37  3:33  Marine  
  38  3:37  Marauder  
  38  3:41  Marine  
  41  3:51  Marine  
  42  3:58  Marauder  
  42  3:59  Marine  
  42  4:00  Combat Shield  
  45  4:05  Supply Depot  
  45  4:09  Marine  
  46  4:16  Marine  
  47  4:27  Marauder, Marine  
  50  4:34  Marine  
  51  4:45  Marine  
  52  4:49  Marauder  
  52  4:52  Marine  
  55  5:09  Supply Depot  
  55  5:10  Factory  
  55  5:13  Command Center  
  55  5:15  Marine  
  55  5:25  Marine  
  49  5:47  Marine  
  49  5:48  Marine x2  
  49  6:05  Marine x2  
  49  6:06  Marine  
  44  6:18  Factory Tech Lab  
  42  6:20  SCV  
  42  6:23  Marine x3  
  46  6:28  Command Center  
  46  6:32  SCV  
  46  6:37  Cyclone  
  46  6:41  Marine  
  46  6:42  Marauder  
  49  7:19  Barracks Reactor  
  49  7:20  Command Center  
Show
View Real Time Build Order
Export as new Build Order

qqq Zerg - Winner!

Build Orders: Hatch First 

Get SALT Encoding   

  12  0:01  Drone  
  13  0:08  Drone  
  14  0:20  Overlord  
  14  0:44  Hatchery  
  14  0:48  Drone  
  14  0:52  Drone  
  15  0:59  Drone  
  16  1:16  Extractor, Spawning Pool  
  14  1:20  Drone  
  14  1:24  Drone  
  16  1:28  Drone  
  17  1:42  Drone  
  17  1:45  Drone  
  19  1:58  Drone  
  19  2:00  Drone  
  21  2:10  Drone, Baneling Nest  
  21  2:11  Drone  
  21  2:14  Queen  
  24  2:21  Overlord  
  24  2:27  Queen  
  26  2:31  Drone  
  26  2:35  Drone  
  28  2:42  Zergling x2  
  28  2:43  Zergling x2  
  30  2:46  Drone  
  30  2:49  Overlord  
  31  2:53  Drone  
  31  2:57  Metabolic Boost  
  32  2:59  Zergling x2  
  32  3:02  Baneling x2  
  32  3:05  Drone  
  34  3:09  Zergling x2  
  35  3:15  Zergling x2  
  35  3:24  Zergling x2  
  35  3:25  Zergling x6  
  35  3:26  Zergling x2  
  40  3:32  Baneling  
  40  3:33  Baneling  
  39  3:34  Zergling x2  
  39  3:37  Zergling x6  
  39  3:38  Zergling x2  
  43  3:42  Baneling  
  43  3:50  Spore Crawler  
  43  3:51  Queen  
  43  3:58  Spore Crawler  
  42  4:06  Overlord x2  
  41  4:12  Overlord  
  41  4:18  Spore Crawler  
  41  4:23  Queen  
  42  4:26  Zergling x4  
  44  4:59  Queen  
  46  5:04  Zergling x6  
  35  5:31  Overlord  
  35  5:32  Queen  
  37  5:44  Zergling x4  
  37  5:46  Zergling x2  
  37  5:47  Zergling x4  
  41  6:07  Queen  
  43  6:13  Drone x3  
  43  6:14  Drone x3  
  43  6:16  Extractor  
  47  6:48  Zergling x6  
  50  6:55  Spore Crawler  
  50  6:57  Spore Crawler  
  45  7:21  Spore Crawler  
Tags
 
Add a new tag
Caveats
  • Supply blocks, unpowered buildings, or Contaminate may cause inaccurate times.
  • Supply counts are checked every 10 seconds.